Map: Cerulean Fall LE

Players

Lambo - Winner!

  • Race: Zerg Zerg
  • League: Grandmaster
  • Spawn Location: 1:00

Twine

  • Race: Terran Terran
  • League: Grandmaster
  • Spawn Location: 7:00

VOD

Have the link to the VOD?

Description

Time

  • Played on: Dec. 5, 2018, 12:45 p.m.
  • Length: 11:08
Show
View Real Time Build Order
Export as new Build Order

Lambo Zerg - Winner!

Build Orders: Hatch First 

Get SALT Encoding   

  12  0:00  Drone  
  13  0:12  Overlord  
  13  0:17  Drone  
  14  0:30  Drone x2  
  16  0:48  Hatchery  
  15  0:52  Drone  
  15  0:55  Drone  
  17  0:59  Drone  
  18  1:09  Extractor  
  17  1:15  Spawning Pool  
  17  1:18  Drone  
  17  1:21  Drone  
  18  1:29  Drone  
  19  1:39  Drone  
  20  1:49  Drone  
  21  2:04  Queen x2  
  21  2:05  Zergling x4  
  27  2:17  Hatchery  
  27  2:22  Overlord  
  26  2:26  Drone  
  26  2:28  Drone  
  28  2:43  Drone x5  
  33  2:47  Metabolic Boost  
  33  2:55  Overlord  
  33  3:05  Drone x2  
  35  3:09  Drone  
  36  3:15  Drone x2  
  36  3:16  Drone x2  
  40  3:21  Queen  
  42  3:29  Queen  
  42  3:31  Queen  
  46  3:34  Overlord  
  46  3:35  Zergling x2  
  46  3:36  Zergling x4  
  49  3:47  Drone  
  50  3:54  Drone x5  
  55  3:56  Drone x2  
  55  4:02  Drone  
  58  4:05  Overlord  
  58  4:09  Evolution Chamber  
  57  4:15  Evolution Chamber  
  56  4:20  Overlord  
  56  4:22  Overlord  
  56  4:23  Overlord, Queen  
  58  4:38  Drone x3  
  58  4:39  Drone x5  
  58  4:42  Drone x4  
  70  4:47  Drone x4, Queen  
  70  4:49  Zerg Ground Armor Level 1  
  76  4:58  Zerg Melee Weapons Level 1  
  76  4:59  Drone x2  
  79  5:00  Drone, Extractor  
  79  5:01  Extractor  
  79  5:06  Extractor  
  76  5:16  Hatchery  
  76  5:17  Drone x2  
  76  5:19  Drone  
  76  5:21  Drone  
  78  5:22  Zergling x6  
  78  5:26  Overlord  
  78  5:27  Overlord, Extractor  
  80  5:30  Lair  
  80  5:31  Drone  
  80  5:32  Overlord  
  81  5:36  Overlord  
  81  5:37  Baneling Nest  
  80  5:43  Drone  
  80  5:44  Drone  
  80  5:46  Drone x2  
  80  5:47  Drone  
  80  5:49  Zergling x4  
  87  5:52  Zergling x6  
  87  5:53  Zergling x2  
  91  5:57  Drone x2  
  91  5:58  Drone  
  91  6:00  Zergling x2  
  95  6:05  Zergling x8  
  99  6:12  Zergling x4  
  99  6:13  Pneumatized Carapace  
  101  6:19  Zergling x6  
  104  6:25  Zergling x2  
  104  6:26  Zergling x4  
  104  6:28  Zergling x10  
  104  6:30  Baneling x7, Queen  
  104  6:31  Centrifical Hooks, Hatchery  
  104  6:32  Drone  
  114  6:35  Zergling x2  
  114  6:36  Hydralisk Den  
  114  6:38  Zergling x2  
  115  6:42  Drone x5  
  115  6:46  Overseer  
  120  6:51  Extractor  
  120  6:52  Drone  
  120  6:55  Overlord x2  
  120  6:56  Overseer  
  120  6:57  Overlord  
  120  6:58  Overlord  
  120  6:59  Overlord x2  
  120  7:01  Overlord  
  120  7:02  Zerg Melee Weapons Level 2, Zerg Ground Armor Level 2  
  120  7:05  Overlord  
  120  7:06  Overlord  
  120  7:13  Hydralisk x4  
  128  7:17  Grooved Spines  
  128  7:20  Hydralisk x2  
  129  7:23  Zergling x8  
  133  7:31  Hydralisk x2  
  135  7:37  Zergling x2  
  135  7:38  Zergling x18  
  135  7:42  Overlord  
  145  7:48  Zergling x18  
  145  7:50  Baneling x3  
  154  7:56  Hydralisk x3  
  160  8:08  Zergling x16  
  160  8:10  Baneling x12  
  160  8:12  Hydralisk  
  170  8:14  Baneling x4  
  170  8:16  Zergling x2  
  171  8:21  Zergling x12  
  177  8:28  Zergling x14  
  184  8:36  Hydralisk x2, Muscular Augments  
  184  8:37  Zergling x6  
  184  8:39  Baneling x5  
  184  8:40  Zergling x2  
  192  8:43  Overseer  
  192  8:47  Hydralisk x2  
  196  9:03  Overlord  
  196  9:09  Hydralisk x2  
  195  9:15  Overlord  
  195  9:16  Infestation Pit  
  194  9:18  Zergling x14  
  194  9:20  Hydralisk x2  
  194  9:21  Zergling x6  
  190  9:26  Hydralisk  
  190  9:27  Zergling x20  
  190  9:31  Zergling x4  
  198  9:34  Zergling x8  
  192  9:40  Zergling x2  
  192  9:41  Zergling x8  
  192  9:43  Zergling x2  
  187  9:47  Zergling x2  
  183  9:55  Baneling x7  
  183  9:56  Zergling x8  
  178  10:03  Hydralisk x2  
  178  10:04  Hydralisk  
  175  10:11  Queen  
  177  10:16  Hydralisk  
  177  10:17  Zergling x10  
  177  10:19  Hydralisk  
  186  10:24  Baneling x15  
  186  10:25  Hatchery, Zergling x2  
  186  10:29  Zergling x4  
  186  10:30  Zergling x2  
  186  10:33  Zergling x4  
  191  10:37  Zergling x8  
  191  10:40  Zergling x8  
  199  10:44  Zergling x2  
  199  10:47  Baneling x12  
Show
View Real Time Build Order
Export as new Build Order

Twine Terran 

Build Orders: Reaper Expand 

Get SALT Encoding   

  12  0:00  SCV  
  13  0:13  SCV  
  14  0:17  Supply Depot  
  14  0:25  SCV  
  15  0:38  SCV  
  15  0:40  Barracks  
  16  0:44  Refinery  
  16  0:50  SCV  
  17  1:03  SCV  
  18  1:15  SCV  
  19  1:27  Reaper, Orbital Command  
  20  1:39  Command Center  
  20  1:49  Supply Depot  
  20  1:53  SCV  
  21  1:59  Marine  
  22  2:05  SCV  
  22  2:07  Factory  
  23  2:17  SCV  
  23  2:20  Barracks Reactor  
  24  2:29  SCV  
  25  2:41  SCV  
  26  2:47  Command Center  
  26  2:52  Orbital Command  
  26  2:53  SCV  
  27  3:02  Hellion  
  27  3:04  Hellion  
  31  3:05  SCV  
  31  3:06  Barracks Tech Lab  
  32  3:17  SCV  
  32  3:18  SCV  
  33  3:27  Marine  
  33  3:28  Hellion x2, Stimpack  
  33  3:30  SCV  
  33  3:31  SCV  
  40  3:34  Refinery  
  40  3:42  SCV  
  40  3:43  SCV  
  40  3:46  Marine  
  43  3:54  SCV  
  43  3:55  SCV  
  45  4:00  Barracks  
  45  4:01  SCV  
  45  4:02  Factory Tech Lab, Barracks  
  46  4:06  Marine, SCV  
  46  4:07  SCV  
  49  4:12  Engineering Bay  
  49  4:14  Engineering Bay  
  50  4:17  Supply Depot  
  50  4:18  Supply Depot  
  50  4:19  Orbital Command  
  50  4:21  SCV  
  50  4:24  SCV  
  51  4:27  Siege Tank  
  51  4:29  Marine  
  55  4:33  SCV  
  55  4:34  Refinery  
  55  4:36  SCV  
  57  4:42  Terran Infantry Weapons Level 1  
  57  4:43  Terran Infantry Armor Level 1  
  57  4:45  SCV  
  58  4:47  Marine  
  58  4:48  Orbital Command  
  58  4:49  SCV  
  58  4:51  Marine x2  
  58  4:52  Refinery  
  62  4:56  Barracks Reactor  
  62  4:57  SCV  
  63  5:02  SCV  
  63  5:07  Starport  
  64  5:09  SCV  
  64  5:12  Barracks  
  64  5:13  Barracks  
  65  5:14  SCV  
  65  5:15  SCV  
  65  5:19  Marine x2  
  65  5:20  Factory Reactor  
  69  5:21  SCV  
  69  5:26  SCV  
  69  5:27  SCV  
  72  5:31  Supply Depot x2  
  72  5:32  Supply Depot  
  72  5:33  SCV  
  73  5:37  Combat Shield  
  73  5:39  SCV x2  
  73  5:42  Marine x2  
  77  5:52  Marine x2, SCV x3  
  77  5:53  Armory  
  77  5:55  Supply Depot  
  77  5:56  Marine  
  83  6:02  Medivac x2, Barracks Reactor  
  87  6:04  SCV  
  87  6:05  Marine x2, SCV x2  
  87  6:08  Marine  
  87  6:09  Supply Depot  
  87  6:10  Factory Reactor  
  87  6:11  Marine  
  91  6:12  Marine  
  91  6:17  SCV x2  
  95  6:21  Barracks  
  95  6:23  Marine  
  96  6:26  Barracks, Marine  
  96  6:27  Supply Depot  
  96  6:28  Supply Depot  
  96  6:29  Barracks, Marauder  
  101  6:35  Marauder  
  101  6:36  Marine x2  
  103  6:41  Marine  
  103  6:44  Terran Infantry Armor Level 2, Terran Infantry Weapons Level 2, Marine  
  105  6:47  Marine  
  105  6:48  Medivac, Marine  
  105  6:51  Refinery, Supply Depot x2  
  105  6:52  Marine  
  110  6:57  Medivac  
  110  6:58  Hellbat x2  
  110  6:59  Marine  
  117  7:02  Marine  
  117  7:03  Marine, Marauder  
  117  7:04  Marine  
  117  7:05  Marine  
  123  7:11  Marine, Marauder  
  127  7:15  Supply Depot  
  127  7:21  Supply Depot  
  127  7:22  Supply Depot, Barracks Tech Lab x2  
  127  7:23  Marine, Barracks Tech Lab  
  127  7:24  Marine, Hellbat x2  
  127  7:27  Marine  
  133  7:31  Marauder  
  133  7:32  Marine x4  
  133  7:36  Medivac  
  141  7:41  Medivac, Marine  
  144  7:46  Marine, Marauder  
  144  7:47  Sensor Tower  
  144  7:48  Marine x2  
  144  7:49  Concussive Shells  
  144  7:51  Marine x2, Marauder  
  153  7:53  Hellbat  
  155  8:00  Hellbat  
  155  8:01  Marine x2  
  155  8:02  Marauder x2  
  155  8:04  Marine  
  164  8:07  Marauder  
  164  8:10  Supply Depot x2  
  164  8:11  Marine, Marauder  
  169  8:13  Marine, Marauder  
  169  8:17  Marine  
  173  8:29  Marine  
  173  8:30  Marauder  
  173  8:31  Medivac x2, Marine x3  
  173  8:32  Hellbat, Marauder  
  183  8:34  Hellbat  
  183  8:40  Marauder  
  189  8:41  Marauder  
  189  8:54  Command Center  
  189  9:06  Marine x3  
  189  9:13  Supply Depot  
  189  9:15  Marauder  
  189  9:17  Marine x2  
  189  9:18  Marine  
  189  9:20  Marine  
  189  9:23  Marine, Marauder  
  189  9:24  Marine  
  188  9:25  Marine, Marauder  
  188  9:26  Marauder  
  180  9:35  Marine x2  
  180  9:36  Marine x2  
  169  9:39  Marauder  
  169  9:43  Marine  
  169  9:45  Marauder  
  164  9:46  SCV x2, Marauder  
  164  9:47  SCV  
  164  9:48  Marauder  
  164  9:51  Marine  
  161  9:57  Marine x2  
  161  9:59  Marine  
  155  10:02  SCV  
  155  10:12  Marine, Marauder  
  152  10:16  Medivac  
  152  10:20  Medivac  
  156  10:24  Marauder  
  156  10:27  Marauder  
  160  10:29  Marine  
  160  10:32  Marine  
  162  10:37  SCV x2  
  162  10:41  Marine, Marauder  
  163  10:44  SCV  
  163  10:49  SCV  
Tags
 
Add a new tag
Caveats
  • Supply blocks, unpowered buildings, or Contaminate may cause inaccurate times.
  • Supply counts are checked every 10 seconds.